 Dungeon Crawl Stone Soup version 0.29.0-13-gc9e81de378 (webtiles) character file.

Game seed: 5885491575270392626

2 xian the Ruffian (level 1, 0/11 HPs)
             Began as a Vine Stalker Wanderer on Sept 10, 2022.
             Constricted to death by a ball python (1 damage)
             ... on level 1 of the Dungeon.
             The game lasted 00:00:40 (122 turns).

xian the Ruffian (Vine Stalker Wanderer)             Turns: 122, Time: 00:00:40

Health: 0/11       AC:  3    Str: 15    XL:     1   Next: 40%
Magic:  0/2        EV:  8    Int: 10    God:
Gold:   0          SH:  0    Dex: 14    Spells: 0/0 levels left

rFire   . . .      SeeInvis .   a - +1 falchion
rCold   . . .      Faith    .   (no shield)
rNeg    . . .      Spirit   +   d - +0 leather armour
rPois   .          Reflect  .   (no helmet)
rElec   .          Harm     .   (no cloak)
rCorr   .          Rampage  .   (no gloves)
Will    .....                   (no boots)
Stlth   +.........              (no amulet)
HPRegen 0.03/turn               (no ring)
MPRegen 0.08/turn               (no ring)

@: hasted, constricted, very quick
A: fangs 2, magic shield, antimagic bite, no potion heal 2
a: no special abilities


You were on level 1 of the Dungeon.
You visited 1 branch of the dungeon, and saw 1 of its levels.

Inventory:

Hand Weapons
 a - a +1 falchion (weapon)
Armour
 d - a +0 leather armour (worn)
Scrolls
 b - 2 scrolls of fear


   Skills:
 + Level 1.7 Fighting
 + Level 1.7 Long Blades
 + Level 2.4 Armour
 + Level 3.1 Unarmed Combat


You couldn't memorise any spells.
You didn't know any spells.
Your spell library was empty.

Dungeon Overview and Level Annotations

Branches:
Dungeon (1/15)

Altars:


Innate Abilities, Weirdness & Mutations

You have extremely sharp teeth.
When hurt, damage is shared between your health and your magic reserves.
Your bite disrupts and absorbs the magic of your enemies.
Potions cannot restore your health.


Message History

The ball python constricts you.
You escape the ball python's grasp.
The ball python attacks as you move away!
The ball python bites you but does no damage.
The bat closely misses you. The bat hits you but does no damage.
The ball python closely misses you. The ball python misses you.
The ball python closely misses you. The ball python grabs you.
The ball python constricts you.
You feel yourself speed up. The bat closely misses you.
The ball python bites you but does no damage. x2
The ball python barely misses you. The ball python constricts you.
The ball python bites you but does no damage.
Unknown command.
You hit the ball python.
The ball python is severely wounded.
The ball python bites you but does no damage.
The bat hits you but does no damage.
The ball python bites you but does no damage.
The ball python constricts you.
The ball python bites you but does no damage.
The ball python bites you.
You hit the ball python but do no damage.
You bite the ball python.
You kill the ball python!
The bat hits you but does no damage. The ball python closely misses you.
The ball python constricts you.
* * * LOW HITPOINT WARNING * * *
The bat hits you but does no damage. The ball python closely misses you.
You escape the ball python's grasp.
The bat attacks as you move away! The bat hits you.
* * * LOW HITPOINT WARNING * * *
There is an open door here.
Unknown command.
Why would you want to do that?
You miss the bat. Your bite misses the bat. The bat barely misses you. x2
You closely miss the bat. Your bite misses the bat. The bat hits you.
* * * LOW HITPOINT WARNING * * *
The ball python bites you. The ball python grabs you.
The ball python constricts you.
You die...

........................
........................
?..~~~≈g≈hg≈≈~≈~~~~~≈≈≈~
...~r≈≈≈≈≈≈≈≈≈≈≈≈≈≈≈≈≈≈≈
...~≈≈≈≈≈≈≈≈≈≈≈≈≈≈≈≈≈≈≈≈
...w≈≈#'#'#≈≈≈≈≈≈≈#'#+#≈
...~≈≈b...##'###'##..>'≈
.).g≈≈S.S.#.......#...'≈
...~~≈#@###.#####.#'#+#≈
...~≈≈≈≈'...#...#...#≈≈~
...≈≈≈≈≈#.###.<.'.⌠.'~~~
...~≈≈≈≈#.###...'.⌠.'≈~~
...~≈≈≈≈+...#...#...#≈≈≈
...~≈≈#+###.#####.###+#≈
...≈≈≈ +.......'...'≈
...~≈≈ ##+###'##...'≈
..~~ #≈≈≈≈≈≈≈#'#+#≈


You could see a dart slug, a quokka, 3 goblins, a bat and 2 ball pythons.

Vanquished Creatures
  2 ball pythons (D:1)
  A bat (D:1)
3 creatures vanquished.

Notes
Turn   | Place    | Note
-------+----------+-------------------------------------------
     0 | D:1      | xian the Vine Stalker Wanderer began the quest for the Orb.
     0 | D:1      | xian set off with the following items: a +1 falchion, 2
                  | scrolls of fear, a potion of haste, a +0 leather armour.
     0 | D:1      | Reached XP level 1. HP: 11/11 MP: 2/2
   122 | D:1      | Constricted to death by a ball python

Illustrated notes

Levels and vault maps discovered:
D:1:      dpeg_arrival_castle, layout_rooms,
          shapermc_ecumenical_altar_notcrosses, serial_shops, shop,
          minmay_heptomino_w4

Action                   || total
-------------------------++-------
Melee: Falchion          ||     8
       Bite              ||     2
  Use: Potion            ||     1
Armor: Leather armour    ||    20
Dodge: Dodged            ||    21
